 Dungeon Crawl Stone Soup version 0.29-a0-486-ga88943ba61 (console) character file.

Game seed: 8442406226372782041

29 Faeu the Ducker (level 3, -1/27 HPs)
             Began as a Vampire Gladiator on May 26, 2022.
             Slain by a goblin
             ... wielding a +0 club
             ... led by Robin
              (5 damage)
             ... on level 2 of the Dungeon.
             The game lasted 00:01:15 (535 turns).

Faeu the Ducker (Vampire Gladiator)                  Turns: 535, Time: 00:01:15

Health: -1/27      AC:  4    Str: 13    XL:     3   Next: 1%
Magic:  3/3        EV: 13    Int: 10    God:
Gold:   65         SH:  0    Dex: 17    Spells: 2/2 levels left

rFire   . . .      SeeInvis +   a - +0 rapier {short}
rCold   . . .      Faith    .   (no shield)
rNeg    . . .      Spirit   .   b - +0 leather armour
rPois   .          Reflect  .   c - +0 helmet
rElec   .          Harm     .   (no cloak)
rCorr   .          Rampage  .   (no gloves)
Will    .....                   (no boots)
Stlth   ++........              (no amulet)
HPRegen 0.29/turn               (no ring)
MPRegen 0.08/turn               (no ring)

@: healing quickly
A: alive, fangs 3, see invisible, vampiric 2
a: Exsanguinate


You were on level 2 of the Dungeon.
You visited 1 branch of the dungeon, and saw 2 of its levels.

You collected 65 gold pieces.


Innate Abilities, Weirdness & Mutations

Your natural rate of healing is accelerated.
You have razor-sharp teeth.
You have supernaturally acute eyesight. (SInv)
You are afflicted with vampirism and can become a bat while bloodless.


   Skills:
 - Level 1.7 Fighting
 - Level 3.2 Short Blades
 - Level 1.5 Throwing
 + Level 4.0 Dodging
 + Level 3.0 Stealth


You had 2 spell levels left.
You didn't know any spells.
Your spell library was empty.

Inventory:

Hand Weapons
 a - a +0 rapier (weapon) {short}
Missiles
 d - 3 throwing nets (quivered) {=f!fthrowing}
 e - a javelin {throwing}
 f - 28 stones {throwing}
 r - 3 poisoned darts {throwing}
Armour
 b - a +0 leather armour (worn)
 c - a +0 helmet (worn)
 q - a +2 pair of gloves
   (You found it on level 1 of the Dungeon)
 s - a +0 robe
   (You found it on level 2 of the Dungeon)
Scrolls
 g - a scroll of teleportation {unknown}
 h - a scroll of vulnerability {unknown}
 j - a scroll of magic mapping {unknown}
 k - a scroll of noise {unknown}
 m - 2 scrolls of identify {unknown}
 n - a scroll of brand weapon {unknown}
Potions
 i - a potion of mutation {unknown}
 l - a potion of curing {unknown}
 o - a potion of attraction {unknown}
 p - a potion of degeneration {unknown}

Dungeon Overview and Level Annotations

Branches:
Dungeon (2/15)

Altars:

Annotations:
D:2 Robin

##.g?............##..
#...#####...........
##..# #............#
#g.###.##.†.<....##
#).#...##.....<..#
#g...............#
#g........####.....
#g.g.........#..##.
#g#g...##.##......
#.gg##...... ##...
##@.##.....#.. ##J.
##......... ...
.##....... ##
.###.#.##.. .# #.#
#.# .# .# .#


You could see Robin, 3 hobgoblins and 5 goblins.


Message History

You are too injured to fight recklessly!
There are monsters nearby!
You are too injured to fight recklessly!
There are monsters nearby!
You are too injured to fight recklessly!
There are monsters nearby!
You are too injured to fight recklessly!
There are monsters nearby!
You are too injured to fight recklessly!
There are monsters nearby!
You are too injured to fight recklessly!
There are monsters nearby!
You are too injured to fight recklessly!
There are monsters nearby!
You are too injured to fight recklessly!
There are monsters nearby!
You are too injured to fight recklessly!
There are monsters nearby!
You are too injured to fight recklessly!
There are monsters nearby!
You are too injured to fight recklessly!
There are monsters nearby!
You are too injured to fight recklessly!
There are monsters nearby!
You are too injured to fight recklessly!
There are monsters nearby!
You are too injured to fight recklessly!
There are monsters nearby!
You are too injured to fight recklessly!
The goblin barely misses you. The goblin hits you with a +0 club.
A hobgoblin comes into view. 😮 HP[-10]
You take 10 damage, and now have 12/22 hp.
MASSIVE DAMAGE!! (PAUSE)
The goblin attacks as you move away! The goblin hits you but does no damage.
The goblin closely misses you. 😮 HP[+1]
The goblin shouts!
The goblin attacks as you move away! The goblin barely misses you.
The goblin attacks as you move away! The goblin barely misses you.
Robin throws the goblin at you!
* * * LOW HITPOINT WARNING * * *
The goblin hits you but does no damage. The goblin hits you with a +0 club.
* * * LOW HITPOINT WARNING * * *
😨 HP[-5]
You take 5 damage, and now have 8/22 hp.
MASSIVE DAMAGE!! (PAUSE)
You hit the goblin. Your bite misses the goblin. The goblin closely misses you.
The goblin hits you but does no damage. 😨 HP[+1]
You closely miss the goblin. The goblin closely misses you.
The goblin misses you. The goblin hits you with a +0 dagger.
* * * LOW HITPOINT WARNING * * *
The goblin completely misses you. 😨 HP[-1]
You take 1 damage, and now have 8/22 hp.
You hit the goblin.
You kill the goblin!
Robin roars a battlecry!
The goblins go into a battle-frenzy!
The goblin barely misses you. The goblin completely misses you.
A goblin comes into view. It is wielding a +0 dagger.
The goblin closely misses you.
You have reached level 3!
Your experience leads to an increase in your attributes!
Increase (S)trength, (I)ntelligence, or (D)exterity?
You feel agile. x2
You can now turn into a vampire bat when bloodless. 😨 HP[+2] MP[+1]
You now have 27 max hp (+5).
You regained 2 hp, and now have 10/27 hp.
Your mp is fully restored (3).
Robin throws the goblin at you!
* * * LOW HITPOINT WARNING * * *
The goblin hits you but does no damage.
Things that are here:
a +0 dagger {short}; a goblin corpse; 😨 HP[-1]
You take 1 damage, and now have 9/27 hp.
The goblin hits you with a +0 club.
* * * LOW HITPOINT WARNING * * *
The goblin hits you but does no damage. 😱 HP[-3]
You take 3 damage, and now have 6/27 hp.
The goblin attacks as you move away! The goblin hits you but does no damage.
The goblin attacks as you move away! The goblin barely misses you.
The goblin attacks as you move away! The goblin hits you with a +0 club.
* * * LOW HITPOINT WARNING * * *
The goblin completely misses you. 😱 HP[-1]
You take 1 damage, and now have 5/27 hp.
The goblin attacks as you move away! The goblin hits you with a +0 club.
* * * LOW HITPOINT WARNING * * *
Robin throws the goblin at you! The goblin closely misses you. 😱 HP[-2]
You take 2 damage, and now have 3/27 hp.
The goblin attacks as you move away! The goblin barely misses you. 😱 HP[+1]
The goblin attacks as you move away! The goblin hits you but does no damage.
The goblin attacks as you move away! The goblin hits you with a +0 club.
You die...

Skill      XL: |  1  2 |
---------------+-------+-----
Stealth        | 1 3 |  3.0
Dodging        | 4 |  4.0
Fighting       | |  1.7
Short Blades   | |  3.2
Throwing       | |  1.5

Action                   || total
-------------------------++-------
Melee: Rapier            ||    51
       Bite              ||     3
       Punch             ||     1
 Stab: Sleeping          ||     4
Armor: Leather armour    ||    26
Dodge: Dodged            ||    52

Levels and vault maps discovered:
D:1:      wander_arrival_lonely_grave, layout_rooms,
          ebering_ecumenical_altar_mist
D:2:      layout_rooms, serial_curves, eino_curves_03, eino_curves_01,
          nicolae_figureground_sparkle, uniq_robin

Notes
Turn   | Place    | Note
-------+----------+-------------------------------------------
     0 | D:1      | Faeu the Vampire Gladiator began the quest for the Orb.
     0 | D:1      | Reached XP level 1. HP: 16/16 MP: 1/1
     0 | D:1      | magus.rc [v1.9.6]
    17 | D:1      | Reached skill level 1 in Stealth
   135 | D:1      | Reached XP level 2. HP: 22/22 MP: 2/2
   139 | D:1      | Reached skill level 2 in Stealth
   222 | D:1      | Found a faded altar of an unknown god.
   501 | D:2      | Reached skill level 4 in Dodging
   513 | D:2      | Noticed Robin
   518 | D:2      | Reached skill level 3 in Stealth
   528 | D:2      | Gained mutation: You are afflicted with vampirism and can
                  | become a bat while bloodless. [Vampire growth]
   528 | D:2      | Reached XP level 3. HP: 10/27 MP: 3/3
   529 | D:2      | HP: 6/27 [goblin/+0 club[Robin] (4)]
   535 | D:2      | Slain by a goblin

Vanquished Creatures
  A dart slug (D:1)
  4 endoplasms
  4 hobgoblins
  3 jackals (D:2)
  A quokka (D:1)
  A ball python (D:1)
  A bat (D:1)
  3 goblins
  3 kobolds (D:1)
  4 rats (D:1)
25 creatures vanquished.

Table legend:
 A = Non-vault XP
 B = Vault XP
 C = Vault XP percentage of total XP
 D = Non-vault monster count
 E = Vault monster count
 F = Vault count percentage of total count
                 A         B        C        D         E       F
            +---------+---------+-------+---------+---------+-------
      Total |      37 |       5 |  11.9 |      22 |       3 |  12.0
            +---------+---------+-------+---------+---------+-------
        D:1 |      29 |       0 |   0.0 |      18 |       0 |   0.0
        D:2 |       8 |       5 |  38.5 |       4 |       3 |  42.9
            +---------+---------+-------+---------+---------+-------

Illustrated notes

Table legend:
 A = Kills in this place as a percentage of kills in entire the game.
 B = Kills by you in this place as a percentage of kills by you in the entire game.
 C = Kills by friends in this place as a percentage of kills by friends in the entire game.
 D = Other kills in this place as a percentage of other kills in the entire game.
 E = Experience gained in this place as a percentage of experience gained in the entire game.
 F = Experience gained in this place divided by the number of levels of this place that you have seen.
                   A       B       C       D       E      F
               +-------+-------+-------+-------+-------+----------------------
         Total | 100.0 | 100.0 |   N/A |   N/A | 100.0 |  21.0
       Dungeon | 100.0 | 100.0 |   N/A |   N/A | 100.0 |  21.0
               +-------+-------+-------+-------+-------+----------------------

Table legend: (Time is in decaauts)
 A = Elapsed time spent in this place.
 B = Non-inter-level travel time spent in this place.
 C = Inter-level travel time spent in this place.
 D = Time resting spent in this place.
 E = Time spent auto-exploring this place.
 F = Levels seen in this place.
 G = Mean time per level.
                   A        B        C        D        E       F      G
               +--------+--------+--------+--------+--------+-----+--------+
         Total |    537 |    533 |      4 |      0 |    384 |   2 |  268.5 |
       Dungeon |    537 |    533 |      4 |      0 |    384 |   2 |  268.5 |
               +--------+--------+--------+--------+--------+-----+--------+

Top non-repeatable levels by time:
     D:1: 476 daAuts
     D:2: 61 daAuts
